 Dungeon Crawl Stone Soup version 0.32-a0-975-g85d4e5bfdb (webtiles) character file.

Game seed: 6897198758278220534

364 horus123 the Digger (level 6, 0/41 HPs)
             Began as a Demonspawn Earth Elementalist on Apr 19, 2024.
             Slain by a gnoll
             ... wielding a +0 whip
             ... led by a gnoll bouda
              (6 damage)
             ... on level 4 of the Dungeon.
             The game lasted 00:06:13 (3597 turns).

horus123 the Digger (Demonspawn Earth Elementalist) Turns: 3597, Time: 00:06:14

Health: 0/41       AC:  9    Str: 10    XL:     6   Next: 39%
Magic:  30/30      EV: 11    Int: 16    God:
Gold:   385        SH:  4    Dex: 13    Spells: 12/13 levels left

rFire   . . .        f - +3 trident "Takar" {venom, ^Drain rC+ rN++ MP+9}
rCold   + . .        (no shield)
rNeg    + + .        a - +0 robe
rPois   .            v - +1 helmet
rElec   .            h - +0 cloak
rCorr   .            (no gloves)
SInv    .            (no boots)
Will    .....        q - amulet of magic regeneration
Stlth   ++           r - ring of magical power
HPRegen 0.26/turn    (no ring)
MPRegen 0.84/turn

%: no passive effects
@: weakened
A: icemail 1, magic regeneration, condensation shield
a: no special abilities


You were on level 4 of the Dungeon.
You visited 1 branch of the dungeon, and saw 5 of its levels.

You collected 385 gold pieces.

Inventory:

Hand Weapons
 f - the +3 trident "Takar" (weapon) {venom, ^Drain rC+ rN++ MP+9}
   (You found it on level 3 of the Dungeon)

   rC+:       It protects you from cold.
   rN++:      It greatly protects you from negative energy.
   MP+9:      It affects your magic capacity (+9).
   ^Drain:    It drains your maximum health when unequipped.
 o - a +0 falchion
Armour
 a - a +0 robe (worn)
 h - a +0 cloak (worn)
 v - a +1 helmet (worn)
Magical Staves
 n - a staff of fire
Jewellery
 q - an amulet of magic regeneration (around neck)
 r - a ring of magical power (left hand)
 t - a ring of ice
Wands
 p - a wand of warping (4)
Scrolls
 g - a scroll of immolation {unknown}
 i - 2 scrolls of poison
 l - a scroll of fear {unknown}
 m - 2 scrolls of enchant weapon
 w - a scroll of teleportation {unknown}
 x - a scroll of revelation {unknown}
Potions
 b - a potion of magic
 c - a potion of enlightenment {unknown}
 d - a potion of curing {unknown}
 e - 2 potions of mutation
 j - 2 potions of attraction
 k - 2 potions of might
 s - a potion of lignification {unknown}
 u - a potion of cancellation {unknown}


   Skills:
 - Level 1.7 Dodging
 - Level 1.7 Stealth
 - Level 4.0 Spellcasting
 - Level 1.0 Conjurations
 + Level 5.6 Earth Magic


You had 12 spell levels left.
You knew the following spells:

 Your Spells              Type           Power      Damage    Failure   Level
a - Sandblast             Erth           42%        2d11      1%          1

Your spell library contained the following spells:

 Spells                   Type           Power      Damage    Failure   Level
 Passwall                 Erth           21%        N/A       4%          3
 Stone Arrow              Conj/Erth      26%        3d8       13%         3
 Necrotise                Necr           12%        1d4       17%         1
 Ensorcelled Hibernation  Hex/Ice        6%         N/A       26%         2
 Brom's Barrelling Bould  Conj/Erth      13%        2d4       41%         4
 Fugue of the Fallen      Necr           3%         N/A       45%         3
 Vampiric Draining        Necr           3%         2d6       45%         3
 Petrify                  Alch/Erth      12%        N/A       47%         4
 Anguish                  Hex/Necr       1%         N/A       86%         4
 Martyr's Knell           Necr/Summ      3%         N/A       86%         4
 Curse of Agony           Necr           3%         N/A       99%         5


Dungeon Overview and Level Annotations

Branches:
Dungeon (5/15)
 Temple: D:4-7

Altars:
Hepliaklqana
Uskayaw

Shops:
D:1 :


Innate Abilities, Weirdness & Mutations

A meltable icy envelope protects you from harm. (AC +4)
You regenerate magic rapidly.
A meltable shield of frost defends you. (SH +4)


Message History

The blast of sand hits the gnoll bouda but does no damage.
The gnoll bouda hits you with a +0 whip.
The gnoll barely misses you.
The gnoll bouda hits you with a +0 whip.
The gnoll attacks as it pursues you! The gnoll closely misses you.
The gnoll bouda gazes fiercely through you!
You feel your attacks grow feeble. The gnoll hits you with a +0 whip.
The gnoll bouda attacks as it pursues you!
The gnoll bouda hits you with a +0 whip.
The gnoll bouda gazes fiercely through you!
You feel as though you will be weak longer.
The gnoll bouda attacks as it pursues you!
The gnoll bouda hits you with a +0 whip!
* * * LOW HITPOINT WARNING * * *
You block the gnoll's attack.
The gnoll bouda barks out a call to the hunt!
The gnoll picks up the pace!
The gnoll attacks as it pursues you! The gnoll hits you with a +0 whip.
* * * LOW HITPOINT WARNING * * *
The gnoll attacks as it pursues you! The gnoll closely misses you.
The gnoll attacks as it pursues you! The gnoll barely misses you. x2
The gnoll bouda gazes fiercely through you!
You feel as though you will be weak longer.
The gnoll is no longer moving quickly.
The gnoll attacks as it pursues you! The gnoll closely misses you.
The gnoll is no longer moving quickly.
The gnoll attacks as it pursues you! The gnoll hits you with a +0 whip.
* * * LOW HITPOINT WARNING * * *
There is a stone staircase leading up here.
The gnoll hits you with a +0 whip.
* * * LOW HITPOINT WARNING * * *
You climb upwards.
There is a stone staircase leading down here.
Aiming: Sandblast (safe; 1% risk of failure)
Press: ? - help, Q - select action, (/) - cycle Shift-Dir - straight line, f - gnoll
Aim: a gnoll, wielding a +0 whip (85% to hit)
The blast of sand misses the gnoll.
The gnoll hits you with a +0 whip.
You die... ....# ###....#.####..###..P♣≈♣~ .#..# #.................~~~≈♣♣~ ....#####.##...##.########~~♣≈♣P♣ .#...................# #.P♣♣~PPP .########.####.##.##.# #PP♣♣PP.P

.# ###.####.##.##.#
#PP≈~P~.# .##
#.....##.##.##.#
##.~≈PP### ..##
#.....##.##.##.###..P~P##
# .#.#
#.....##(.@.....##.~♣~~#
# ..##
#.....#####g###.##.P~~P#
# .### #.....# #.#
#....P~PP# # ...# #######
#.# ##...~P~## # ...#
#.######...## ...# #...#
##### .###### ###.#
......# ##########.#
...##.# #...<...##.#


You could see a gnoll.

Vanquished Creatures
  An ogre (D:4)
  2 hounds (D:4)
  An iguana (D:5)
  4 gnolls
  A river rat (D:3)
  7 adders
  4 dart slugs
  2 ribbon worms
  An orc (D:5)
  5 bats
  6 endoplasms
  3 giant cockroaches
  3 goblins
  5 hobgoblins
  3 quokkas
  8 ball pythons
  2 frilled lizards
  9 kobolds
  A rat (D:1)
68 creatures vanquished.

Vanquished Creatures (others)
  A minotaur (D:1)
  A draconian (D:1)
  A gargoyle (D:1)
  A vine stalker (D:1)
  2 djinn (D:1)
  A troll (D:1)
  An elf (D:1)
  A dwarf (D:1)
  A tengu (D:1)
  A felid (D:1)
  2 gnolls (D:1)
  2 goblins (D:1)
  4 tentacles (D:1)
19 creatures vanquished.

Grand Total: 87 creatures vanquished

Notes
Turn   | Place    | Note
-------+----------+-------------------------------------------
     0 | D:1      | horus123 the Demonspawn Earth Elementalist began the quest
                  | for the Orb.
     0 | D:1      | Reached XP level 1. HP: 13/13 MP: 3/3
     2 | D:1      | Noticed a vine stalker
     2 | D:1      | Noticed a gargoyle
     2 | D:1      | Noticed an elf
     2 | D:1      | Noticed a kraken
     2 | D:1      | Noticed a minotaur
     2 | D:1      | Noticed a troll
     2 | D:1      | Noticed a djinni
     2 | D:1      | Noticed a felid
     2 | D:1      | Noticed a djinni
     2 | D:1      | Noticed a tengu
     2 | D:1      | Noticed a dwarf
     2 | D:1      | Noticed a draconian
     4 | D:1      | Killed an elf
     7 | D:1      | Found Irirox's Book Shop.
     8 | D:1      | Killed a djinni
     9 | D:1      | Killed a djinni
    11 | D:1      | Killed a troll
    13 | D:1      | Killed a tengu
    13 | D:1      | Killed a gargoyle
    15 | D:1      | Killed a vine stalker
    16 | D:1      | Killed a minotaur
    16 | D:1      | Killed a draconian
    17 | D:1      | Killed a felid
    18 | D:1      | Killed a dwarf
   268 | D:1      | Found Efiec's Armour Shoppe.
   275 | D:1      | Gained mutation: A meltable shield of frost defends you.
                  | (SH +4) [demonic ancestry]
   275 | D:1      | Reached XP level 2. HP: 19/19 MP: 3/5
   346 | D:1      | Found Kudon's Antique Armour Shoppe.
   905 | D:2      | Gained mutation: You regenerate magic rapidly. [demonic
                  | ancestry]
   905 | D:2      | Reached XP level 3. HP: 24/24 MP: 5/7
  1485 | D:2      | Reached XP level 4. HP: 18/30 MP: 1/10
  1649 | D:3      | Reached skill level 3 in Earth Magic
  1822 | D:3      | Identified the +3 trident "Takar" {venom, ^Drain rC+ rN++
                  | MP+9}
  2528 | D:4      | Found a hazy altar of Hepliaklqana.
  2530 | D:4      | Noticed an ogre
  2537 | D:4      | Killed an ogre
  2538 | D:4      | Reached skill level 4 in Earth Magic
  2538 | D:4      | Gained mutation: A meltable icy envelope protects you from
                  | harm. (AC +4) [demonic ancestry]
  2538 | D:4      | Reached XP level 5. HP: 29/35 MP: 11/11
  2969 | D:4      | Noticed a +0 dagger
  2970 | D:4      | Noticed a +0 spear
  2970 | D:4      | Noticed a +0 short sword
  2971 | D:4      | Noticed a +0 spear
  2971 | D:4      | Noticed a +0 falchion
  2972 | D:4      | Noticed a +0 short sword
  2972 | D:4      | Noticed a +0 dagger
  2972 | D:4      | Noticed a +0 falchion
  2974 | D:4      | Found a hide-covered altar of Uskayaw.
  3311 | D:5      | Entered Level 5 of the Dungeon
  3319 | D:4      | Reached skill level 5 in Earth Magic
  3319 | D:4      | Reached XP level 6. HP: 26/41 MP: 12/12
  3597 | D:4      | Slain by a gnoll

Illustrated notes

Levels and vault maps discovered:
D:1:      nicolae_arrival_kraken_aquarium_b, layout_rooms, serial_shops, shop,
          shop, shop
D:2:      layout_loops_cross, nicolae_eternal_life,
          minmay_fractal_squares_gapless_5
D:3:      layout_basic, cheibrodos_sewer_entry_sluice, minmay_stone_trees_small,
          minmay_gold_behind_fungi, minmay_tree_intersection
D:4:      layout_loops_cross, nicolae_uskayaw_en_pointe, lemuel_round_altar,
          serial_bayou_lagoon_a
D:5:      layout_loops_ring, minmay_small_thing

Skill      XL: |  1  2  3  4  5 |
---------------+----------------+-----
Spellcasting   | 3 4 |  4.0
Earth Magic    | 4 5 |  5.6
Dodging        | |  1.7
Stealth        | |  1.7
Conjurations   | |  1.0

Action                     |  1- 3 |  4- 6 || total
---------------------------+-------+-------++-------
  Melee: Short sword       |     6 |       ||     6
         Trident           |       |     7 ||     7
         Falchion          |       |     2 ||     2
   Cast: Sandblast         |    44 |    69 ||   113
    Use: Scroll            |       |     5 ||     5
   Stab: Sleeping          |       |     1 ||     1
 Armour: Robe              |     7 |    42 ||    49
  Dodge: Dodged            |    10 |    32 ||    42
  Block: Other             |     3 |     8 ||    11

Table legend: (Time is in decaauts)
 A = Elapsed time spent in this place.
 B = Non-inter-level travel time spent in this place.
 C = Inter-level travel time spent in this place.
 D = Time resting spent in this place.
 E = Time spent auto-exploring this place.
 F = Levels seen in this place.
 G = Mean time per level.
                   A        B        C        D        E       F      G
               +--------+--------+--------+--------+--------+-----+--------+
         Total |   3664 |   3556 |    108 |    244 |   2806 |   5 |  732.8 |
       Dungeon |   3664 |   3556 |    108 |    244 |   2806 |   5 |  732.8 |
               +--------+--------+--------+--------+--------+-----+--------+

Top non-repeatable levels by time:
     D:4: 967 daAuts
     D:2: 945 daAuts
     D:3: 913 daAuts
     D:1: 705 daAuts
     D:5: 132 daAuts
